 Dungeon Crawl Stone Soup version 0.30-a0-1116-gebefce21f7 (webtiles) character file.

Game seed: 13947376319387748744

1124 kae the Geomancer (level 8, -5/41 HPs)
             Began as a Gargoyle Earth Elementalist on Apr 21, 2023.
             Slain by an orc warrior
             ... wielding a +0 flail
              (14 damage)
             ... on level 6 of the Dungeon.
             The game lasted 00:04:44 (4724 turns).

kae the Geomancer (Gargoyle Earth Elementalist)     Turns: 4724, Time: 00:04:44

Health: -5/41      AC:  8    Str: 16 (19) XL:     8   Next: 35%
Magic:  1/15       EV: 11    Int: 15 (17) God:
Gold:   229        SH:  0    Dex:  7 (10) Spells: 12/16 levels left

rFire   . . .      SeeInvis .    e - +0 dagger
rCold   . . .      Faith    .    (no shield)
rNeg    + . .      Spirit   .    a - +0 robe
rPois   ∞          Reflect  .    (no helmet)
rElec   +          Rampage  .    t - +0 cloak
rCorr   .                        (no gloves)
Will    .....                    (no boots)
Stlth   ++                       A - amulet of the acrobat
HPRegen 0.26/turn                S - +6 ring of strength
MPRegen 0.14/turn                (no ring)

@: brilliant
A: sickness immunity, AC +5, negative energy resistance 1, electricity
resistance, torment resistance 1, petrification resistance
a: no special abilities


You were on level 6 of the Dungeon.
You visited 1 branch of the dungeon, and saw 6 of its levels.

You collected 229 gold pieces.


Innate Abilities, Weirdness & Mutations

You are immune to sickness and miasma.
Your stone body is resilient. (AC +5)
You are immune to poison.
You resist negative energy. (rN+)
You are resistant to electric shocks. (rElec)
You are resistant to unholy torment.
You are immune to petrification.


   Skills:
 - Level 1.5 Dodging
 - Level 2.1 Stealth
 + Level 4.7 Spellcasting
 + Level 4.8 Conjurations
 - Level 0.7 Transmutations
 * Level 9.1 Earth Magic


You had 12 spell levels left.
You knew the following spells:

 Your Spells              Type           Power      Damage    Failure   Level
a - Sandblast             Erth           92%        2d19      1%          1
b - Stone Arrow           Conj/Erth      72%        3d11      3%          3

Your spell library contained the following spells:

 Spells                   Type           Power      Damage    Failure   Level
 Passwall                 Tmut/Erth      22%        N/A       3%          2
 Apportation              Tloc           10%        N/A       17%         1
 Necrotise                Necr           20%        1d5       17%         1
 Summon Small Mammal      Summ           20%        N/A       17%         1
 Petrify                  Tmut/Erth      27%        N/A       22%         4

Inventory:

Hand Weapons
 e - a +0 dagger (weapon)
   (You took it off a kobold on level 1 of the Dungeon)
Missiles
 c - 63 stones
 m - 16 poisoned darts
 p - a throwing net {=f!f}
Armour
 a - a +0 robe (worn)
 t - a +0 cloak (worn)
   (You found it on level 3 of the Dungeon)
Magical Staves
 n - a staff of conjuration {!a}
   (You found it on level 2 of the Dungeon)
 x - a staff of cold {!a}
   (You found it on level 4 of the Dungeon)
Jewellery
 A - an amulet of the acrobat (around neck)
   (You found it on level 2 of the Dungeon)
 S - a +6 ring of strength (left hand)
   (You found it on level 2 of the Dungeon)
Wands
 s - a wand of charming (3)
   (You found it on level 3 of the Dungeon)
Scrolls
 d - 4 scrolls of teleportation {@r4}
 h - 2 scrolls of summoning
 k - a scroll of amnesia
 l - 2 scrolls of noise {!r}
Potions
 b - a potion of magic
 f - 2 potions of resistance
 g - 4 potions of flight
 j - 6 potions of curing {@q1}
 o - a potion of haste {@q3}
 w - a potion of attraction {!q}

Dungeon Overview and Level Annotations

Branches:
Dungeon (6/15) Zot: 26806
 Temple: D:4-7

Altars:
Hepliaklqana
Uskayaw
Wu Jian

Shops:
D:2 :

Annotations:
D:2 1 runed translucent door, Crazy Yiuf

#.# #.#..... #.# ##.#.....
#.# #..#..... ##. #.#
#.###.... .. ./# ##.###.###
# !. #.# #......# ####.##.
#.# #.####.#
.......##.#############.#
#.# #.# #..#.5oFho@........#
#.### #..
#..#######......#.####....
#.###..# #h##...#.#.<.#...
#.#F#..# .....#.##........#
##h###..##.....#.##........#
#.#.# #...........#........#
#.###..
........#..#...))..## #..
..#..#.....#..###...#.# ..##
#..####.# #..# #...#.#


You could see an orc warrior, a black bear, a bullfrog, a howler monkey
(catching breath), a shadow imp (summoned) and an orc.


Message History

Aiming: Sandblast (safe; 1% risk of failure)
Press: ? - help, Shift-Dir - straight line, f/p - black bear
Aim: a black bear (88% to hit)
The blast of sand hits the black bear!
The black bear closely misses you.
The black bear claws you but does no damage. x2
The black bear bites you but does no damage.
The black bear barely misses you.
The black bear closely misses you. 😕 MP[-1]
You lost 1 mp, and now have 7/15 mp.
The black bear attacks as you move away!
The black bear bites you.
The black bear claws you but does no damage.
The black bear closely misses you. The orc completely misses you. 😕 HP[-1]
You take 1 damage, and now have 31/41 hp. 😕 MP[+1] 😕 HP[+1]
The orc attacks as you move away! The orc completely misses you.
The orc attacks as you move away! The orc misses you.
Casting: Sandblast (safe; 1% risk of failure)
Confirm with . or Enter, or press ? or * to list all spells.
Aiming: Sandblast (safe; 1% risk of failure)
Press: ? - help, Shift-Dir - straight line, f/p - black bear
Aim: a black bear (moderately wounded, 88% to hit)
The blast of sand hits the orc!
You kill the orc! 😕 HP[+1] MP[-1]
You lost 1 mp, and now have 7/15 mp.
Casting: Sandblast (safe; 1% risk of failure)
Confirm with . or Enter, or press ? or * to list all spells.
Aiming: Stone Arrow (dangerous; 2% risk of failure)
Press: ? - help, Shift-Dir - straight line, f/p - black bear
Aim: a black bear (moderately wounded, 79% to hit)
The stone arrow hits the orc warrior!!
The orc warrior hits you with a +0 flail! 😮 HP[-11] MP[-2]
You take 11 damage, and now have 22/41 hp.
MASSIVE DAMAGE!! (PAUSE)
You lost 2 mp, and now have 5/15 mp.
Casting: Stone Arrow (dangerous; 2% risk of failure)
Confirm with . or Enter, or press ? or * to list all spells.
Aiming: Stone Arrow (dangerous; 2% risk of failure)
Press: ? - help, Shift-Dir - straight line, f/p - black bear
Aim: a black bear (moderately wounded, 79% to hit)
The stone arrow misses the orc warrior.
The stone arrow hits the black bear!
The orc warrior hits you but does no damage. 😮 MP[-3]
You lost 3 mp, and now have 2/15 mp.
Unknown command.
Casting: Stone Arrow (dangerous; 2% risk of failure)
Confirm with . or Enter, or press ? or * to list all spells.
Aiming: Sandblast (safe; 1% risk of failure)
Press: ? - help, Shift-Dir - straight line, f/p - black bear
Aim: a black bear (severely wounded, 88% to hit)
The blast of sand hits the orc warrior.
An orc comes into view. It is wielding a +0 dagger.
The orc warrior hits you but does no damage.
The orc warrior closely misses you. 😮 HP[+1] MP[-1]
You lost 1 mp, and now have 1/15 mp.
Casting: Sandblast (safe; 1% risk of failure)
Confirm with . or Enter, or press ? or * to list all spells.
Aiming: Sandblast (safe; 1% risk of failure)
Press: ? - help, Shift-Dir - straight line, f/p - black bear
Aim: a black bear (severely wounded, 88% to hit)
The blast of sand hits the orc warrior but does no damage.
The orc shouts!
The orc reads a scroll.
Wisps of shadow swirl around the orc.
The orc warrior hits you with a +0 flail.
* * * LOW HITPOINT WARNING * * *
😨 HP[-5] MP[-1]
You take 5 damage, and now have 18/41 hp.
You lost 1 mp, and now have 0/15 mp.
Casting: Sandblast (safe; 1% risk of failure)
Confirm with . or Enter, or press ? or * to list all spells.
You don't have enough magic to cast this spell.
It was a potion of heal wounds.
You feel much better.
The orc warrior hits you with a +0 flail! 😮 HP[+11]
You regained 11 hp, and now have 29/41 hp.
It was a potion of brilliance.
You feel clever all of a sudden.
The orc warrior hits you with a +0 flail! 😮 HP[-8]
You take 8 damage, and now have 21/41 hp.
It was a potion of degeneration.
There was something very wrong with that liquid.
You feel weakened.
You feel dopey.
You feel clumsy.
The orc warrior hits you with a +0 flail!
* * * LOW HITPOINT WARNING * * *
The howler monkey hoots and howls with incredible vigour!
You hear a shout! x3 😱 HP[-12] MP[+1]
You take 12 damage, and now have 9/41 hp.
MASSIVE DAMAGE!! (PAUSE)
Okay, then.
The orc warrior attacks as you move away!
The orc warrior hits you with a +0 flail!
You die...

Skill      XL: |  1  2  3  4  5  6  7  8 |
---------------+-------------------------+-----
Earth Magic    | 4 5 6 7 8 9 |  9.1
Conjurations   | 1 2 3 4 |  4.8
Spellcasting   | 3 4 |  4.7
Dodging        | |  1.5
Stealth        | |  2.1
Transmutations | |  0.7

Action                     |  1- 3 |  4- 6 |  7- 9 || total
---------------------------+-------+-------+-------++-------
  Melee: Unarmed           |     8 |       |       ||     8
         Dagger            |     8 |     3 |     2 ||    13
   Cast: Sandblast         |    40 |    84 |    55 ||   179
         Stone Arrow       |       |       |     6 ||     6
    Use: Scroll            |     4 |       |     8 ||    12
         Potion            |       |       |     3 ||     3
 Armour: Robe              |     7 |    14 |    19 ||    40
  Dodge: Dodged            |    23 |    32 |    28 ||    83

Levels and vault maps discovered:
D:1:      psy_arrival_radial02, layout_basic, serial_bayou,
          serial_bayou_crossing, serial_bayou_pond_a, serial_bayou_pond_a,
          serial_bayou_lake_a, serial_bayou_pond_a, minmay_door_square
D:2:      layout_loops_ring, serial_shops, nicolae_shop_mannequins,
          uniq_crazy_yiuf_cottage
D:3:      layout_basic
D:4:      layout_gridville, marbit_many_paths, uniq_grinder
D:5:      layout_rooms, eat_drink_and_be_merry_uskayaw, kennysheep_mini,
          dreamdust_gnoll_farm
D:6:      layout_loops_ring, nicolae_ossuary_entry_ruins, minmay_manual_mail

Notes
Turn   | Place    | Note
-------+----------+-------------------------------------------
     0 | D:1      | kae the Gargoyle Earth Elementalist began the quest for the
                  | Orb.
     0 | D:1      | Reached XP level 1. HP: 10/10 MP: 3/3
     0 | D:1      | magus.rc [v1.11.3]
   147 | D:1      | Reached skill level 4 in Earth Magic
   160 | D:1      | Reached XP level 2. HP: 10/15 MP: 0/5
   298 | D:1      | Reached XP level 3. HP: 12/19 MP: 0/6
   408 | D:1      | Learned a level 3 spell: Stone Arrow
  1250 | D:2      | Reached skill level 5 in Earth Magic
  1391 | D:2      | Found a runed translucent door.
  1392 | D:2      | Noticed Crazy Yiuf
  1442 | D:2      | Reached skill level 1 in Conjurations
  1459 | D:2      | Noticed a walking frostbound tome
  1460 | D:2      | Found Meoh Tof's Book Shoppe.
  1461 | D:2      | Noticed a walking crystal tome
  1464 | D:2      | Reached XP level 4. HP: 24/24 MP: 5/7
  2275 | D:3      | Reached XP level 5. HP: 28/28 MP: 6/9
  2604 | D:3      | Reached skill level 3 in Spellcasting
  2604 | D:3      | Reached skill level 2 in Conjurations
  2919 | D:3      | You pick up a book of Cantrips and begin reading...
  2919 | D:3      | You add the spells Necrotise, Summon Small Mammal and
                  | Apportation to your library.
  3328 | D:4      | Reached skill level 6 in Earth Magic
  3361 | D:4      | Noticed an ogre
  3369 | D:4      | Killed an ogre
  3370 | D:4      | Reached XP level 6. HP: 12/32 MP: 2/11
  3480 | D:4      | Found an ornate altar of the Wu Jian Council.
  3567 | D:4      | Reached skill level 3 in Conjurations
  3567 | D:4      | Reached skill level 7 in Earth Magic
  3678 | D:4      | Reached XP level 7. HP: 36/36 MP: 8/12
  3694 | D:4      | Noticed Grinder
  3784 | D:4      | Killed Grinder
  3785 | D:4      | Reached skill level 4 in Spellcasting
  3989 | D:5      | Entered Level 5 of the Dungeon
  4019 | D:5      | Reached skill level 4 in Conjurations
  4019 | D:5      | Reached skill level 8 in Earth Magic
  4305 | D:5      | Reached XP level 8. HP: 22/41 MP: 8/14
  4395 | D:5      | Found a hide-covered altar of Uskayaw.
  4480 | D:5      | Found a hazy altar of Hepliaklqana.
  4703 | D:6      | Reached skill level 9 in Earth Magic
  4723 | D:6      | HP: 9/41 [orc warrior/+0 flail (12)]
  4724 | D:6      | Slain by an orc warrior

Vanquished Creatures
  Grinder (D:4)
  An ice beast (D:6)
  An ogre (D:4)
  A phantom (D:4)
  A bullfrog (D:6)
  2 scorpions (D:4)
  A howler monkey (D:5)
  2 jellies
  2 hounds (D:5)
  An iguana (D:5)
  3 orc wizards
  A sleepcap (D:6)
  8 gnolls
  4 adders
  An ufetubus (D:5)
  3 dart slugs
  2 worms (D:3)
  13 orcs
  5 ball pythons
  6 bats
  13 endoplasms
  A giant cockroach (D:2)
  5 goblins
  4 hobgoblins
  A quokka (D:2)
  A frilled lizard (D:2)
  10 kobolds
  11 rats
105 creatures vanquished.

Vanquished Creatures (others)
  3 fungi (D:5)
3 creatures vanquished.

Grand Total: 108 creatures vanquished

Table legend:
 A = Non-vault XP
 B = Vault XP
 C = Vault XP percentage of total XP
 D = Non-vault monster count
 E = Vault monster count
 F = Vault count percentage of total count
                 A         B        C        D         E       F
            +---------+---------+-------+---------+---------+-------
      Total |    1126 |     480 |  29.9 |      97 |       8 |   7.6
            +---------+---------+-------+---------+---------+-------
        D:1 |      64 |       0 |   0.0 |      27 |       0 |   0.0
        D:2 |      53 |       0 |   0.0 |      18 |       0 |   0.0
        D:3 |     134 |       0 |   0.0 |      21 |       0 |   0.0
        D:4 |     436 |     264 |  37.7 |      13 |       2 |  13.3
        D:5 |     208 |      86 |  29.3 |      11 |       4 |  26.7
        D:6 |     231 |     130 |  36.0 |       7 |       2 |  22.2
            +---------+---------+-------+---------+---------+-------

Illustrated notes

Table legend:
 A = Kills in this place as a percentage of kills in the entire game.
 B = Kills by you in this place as a percentage of kills by you in the entire game.
 C = Kills by friends in this place as a percentage of kills by friends in the entire game.
 D = Other kills in this place as a percentage of other kills in the entire game.
 E = Experience gained in this place as a percentage of experience gained in the entire game.
 F = Experience gained in this place divided by the number of levels of this place that you have seen.
                   A       B       C       D       E      F
               +-------+-------+-------+-------+-------+----------------------
         Total | 100.0 | 100.0 |   N/A |   N/A | 100.0 | 267.7
       Dungeon | 100.0 | 100.0 |   N/A |   N/A | 100.0 | 267.7
               +-------+-------+-------+-------+-------+----------------------

Table legend: (Time is in decaauts)
 A = Elapsed time spent in this place.
 B = Non-inter-level travel time spent in this place.
 C = Inter-level travel time spent in this place.
 D = Time resting spent in this place.
 E = Time spent auto-exploring this place.
 F = Levels seen in this place.
 G = Mean time per level.
                   A        B        C        D        E       F      G
               +--------+--------+--------+--------+--------+-----+--------+
         Total |   4859 |   4663 |    196 |     26 |   3973 |   6 |  809.8 |
       Dungeon |   4859 |   4663 |    196 |     26 |   3973 |   6 |  809.8 |
               +--------+--------+--------+--------+--------+-----+--------+

Top non-repeatable levels by time:
     D:1: 1303 daAuts
     D:3: 1164 daAuts
     D:2: 938 daAuts
     D:4: 692 daAuts
     D:5: 567 daAuts
     D:6: 193 daAuts
